3252 views
Uploaded 2020-04-22 17:46:03
Game version 1.32.3
6:29 long 2on2 ladder game on (4)Avalanche_LV
Saved by zebroni
3252 views
Uploaded 2020-04-22 17:46:03
Game version 1.32.3
6:29 long 2on2 ladder game on (4)Avalanche_LV
/ 0.5k
18 buildings @ 3k
/ 0.9k

| Acolyte | 2 | 150 | / | 0 |
| Ghoul | 2 | 240 | / | 0 |
| Crypt Fiend | 8 | 1720 | / | 320 |
| total: | 12 | 2110g | / | 320w |
| Nerubian Tower | 1 | 100 | / | 20 |
| Altar of Darkness | 1 | 180 | / | 50 |
| Ziggurat | 3 | 450 | / | 150 |
| Crypt | 1 | 200 | / | 50 |
| Graveyard | 1 | 215 | / | 0 |
| Tomb of Relics | 1 | 130 | / | 30 |
| Halls of the Dead | 1 | 320 | / | 210 |
| total: | 7 | 1175g | / | 280w |
| 0:04 | Acolyte |
| 0:10 | Altar of Darkness |
| 0:14 | Ziggurat |
| 0:17 | Crypt |
| 0:41 | Graveyard |
| 0:51 | Tomb of Relics |
| 1:11 | Ziggurat |
| 1:22 | Acolyte |
| 1:36 | Ghoul |
| 1:49 | Ghoul |
| 2:08 | Crypt Fiend |
| 2:21 | Carrion Beetles |
| 2:31 | Crypt Fiend |
| 2:52 | Crypt Fiend |
| 3:15 | Crypt Fiend |
| 3:55 | Crypt Fiend |
| 4:22 | Halls of the Dead |
| 4:41 | Crypt Fiend |
| 4:46 | Ziggurat |
| 5:04 | Nerubian Tower |
| 5:34 | Creature Attack |
| 5:59 | Spiked Carapace |
| 6:09 | Crypt Fiend |
| 6:24 | Crypt Fiend |

| Wisp | 10 | 600 | / | 0 |
| Huntress | 7 | 1365 | / | 140 |
| total: | 17 | 1965g | / | 140w |
| Altar of Elders | 1 | 180 | / | 50 |
| Moon Well | 4 | 720 | / | 160 |
| Hunter's Hall | 1 | 210 | / | 100 |
| Ancient of War | 4 | 600 | / | 240 |
| Ancient of Wonders | 1 | 90 | / | 30 |
| total: | 11 | 1800g | / | 580w |
| 0:04 | Wisp |
| 0:04 | Wisp |
| 0:07 | Altar of Elders |
| 0:19 | Moon Well |
| 0:25 | Wisp |
| 0:42 | Wisp |
| 0:57 | Wisp |
| 0:57 | Wisp |
| 1:29 | Wisp |
| 1:29 | Wisp |
| 1:46 | Hunter's Hall |
| 1:56 | Wisp |
| 1:59 | Ancient of War |
| 2:12 | Entangling Roots |
| 2:38 | Ancient of War |
| 2:40 | Moon Well |
| 2:42 | Ancient of War |
| 3:02 | Ancient of War |
| 3:19 | Huntress |
| 3:22 | Moon Well |
| 3:33 | Moon Well |
| 3:42 | Huntress |
| 4:02 | Ancient of Wonders |
| 4:21 | Sentinel |
| 4:24 | Ultravision |
| 4:31 | Huntress |
| 4:43 | Wisp |
| 4:50 | Huntress |
| 5:13 | Huntress |
| 5:44 | Huntress |
| 5:59 | Force of Nature |
| 6:12 | Huntress |
/ 0.2k
21 buildings @ 3.4k
/ 1.2k


| Wisp | 13 | 780 | / | 0 |
| Archer | 7 | 910 | / | 70 |
| total: | 20 | 1690g | / | 70w |
| Altar of Elders | 2 | 360 | / | 100 |
| Moon Well | 4 | 720 | / | 160 |
| Ancient of War | 1 | 150 | / | 60 |
| Ancient of Wonders | 2 | 180 | / | 60 |
| Hunter's Hall | 1 | 210 | / | 100 |
| Ancient of Lore | 2 | 310 | / | 290 |
| Tree of Ages | 2 | 640 | / | 360 |
| total: | 12 | 1930g | / | 770w |
| 0:01 | Altar of Elders |
| 0:01 | Wisp |
| 0:02 | Wisp |
| 0:03 | Altar of Elders |
| 0:19 | Moon Well |
| 0:25 | Wisp |
| 0:34 | Ancient of War |
| 0:41 | Wisp |
| 0:55 | Wisp |
| 1:03 | Wisp |
| 1:13 | Wisp |
| 1:29 | Wisp |
| 1:35 | Archer |
| 1:47 | Wisp |
| 1:50 | Moon Well |
| 2:03 | Wisp |
| 2:05 | Ancient of Wonders |
| 2:11 | Wisp |
| 2:18 | Mana Burn |
| 2:33 | Tree of Ages |
| 2:49 | Archer |
| 2:52 | Moon Well |
| 3:04 | Archer |
| 3:16 | Archer |
| 4:02 | Archer |
| 4:18 | Archer |
| 4:57 | Moon Well |
| 5:03 | Hunter's Hall |
| 5:08 | Frost Arrows |
| 5:20 | Ancient of Wonders |
| 6:05 | Archer |
| 6:23 | Evasion |
| 6:26 | Ancient of Lore |
| 6:26 | Ancient of Lore |
| 6:27 | Wisp |
| 6:27 | Wisp |

| Wisp | 12 | 720 | / | 0 |
| Huntress | 9 | 1755 | / | 180 |
| total: | 21 | 2475g | / | 180w |
| Altar of Elders | 1 | 180 | / | 50 |
| Moon Well | 4 | 720 | / | 160 |
| Ancient of War | 2 | 300 | / | 120 |
| Hunter's Hall | 1 | 210 | / | 100 |
| Ancient of Wonders | 1 | 90 | / | 30 |
| total: | 9 | 1500g | / | 460w |
| 0:03 | Wisp |
| 0:03 | Wisp |
| 0:14 | Altar of Elders |
| 0:18 | Moon Well |
| 0:28 | Wisp |
| 0:39 | Wisp |
| 0:48 | Wisp |
| 0:49 | Wisp |
| 1:09 | Wisp |
| 1:09 | Wisp |
| 1:30 | Wisp |
| 1:52 | Ancient of War |
| 1:56 | Hunter's Hall |
| 2:02 | Wisp |
| 2:02 | Wisp |
| 2:09 | Moon Well |
| 2:15 | Entangling Roots |
| 2:45 | Ancient of War |
| 2:51 | Moon Well |
| 2:52 | Wisp |
| 3:14 | Ultravision |
| 3:18 | Huntress |
| 3:45 | Huntress |
| 3:56 | Huntress |
| 4:17 | Huntress |
| 4:40 | Moon Well |
| 4:53 | Huntress |
| 5:04 | Force of Nature |
| 5:10 | Huntress |
| 5:37 | Huntress |
| 5:40 | Ancient of Wonders |
| 5:53 | Huntress |
| 6:14 | Huntress |
⇛